 Dungeon Crawl Stone Soup version 0.25.1-2-g60ff931df9 (webtiles) character file.

Game seed: 9156948742896614348

105 Engwar the Cudgeler (level 4, 0/35 HPs)
             Began as a Demonspawn Abyssal Knight on Aug 19, 2020.
             Was a Follower of Lugonu.
             Slain by a gnoll
             ... wielding a cursed -1 club
              (3 damage)
             ... on level 3 of the Dungeon.
             The game lasted 00:06:44 (2712 turns).

Engwar the Cudgeler (Demonspawn Abyssal Knight)     Turns: 2712, Time: 00:06:45

Health: 0/35       AC:  8    Str: 13    XL:     4   Next: 54%
Magic:  5/5        EV:  6    Int: 14    God:    Lugonu [*.....]
Gold:   115        SH:  0    Dex: 12    Spells: 3/3 levels left

rFire    . . .     SeeInvis .   a - +1 mace
rCold    . . .     Gourm    .   (no shield)
rNeg     . . .     Faith    .   o - +0 chain mail
rPois    .         Spirit   .   (no helmet)
rElec    .         Reflect  .   (no cloak)
rCorr    .         Harm     .   (no gloves)
MR       .....                  (no boots)
Stlth    ..........             (no amulet)
HPRegen  0.11/turn              (no ring)
MPRegen  0.09/turn              (no ring)

@: brilliant, berserk cooldown, slowed, very slow
A: hooves 1
a: Depart the Abyss, Renounce Religion


You were on level 3 of the Dungeon.
You worshipped Lugonu.
Lugonu was aware of your devotion.
You were not hungry.

You visited 1 branch of the dungeon, and saw 3 of its levels.
You visited the Abyss 1 time.

You collected 115 gold pieces.

Inventory:

Hand Weapons
 a - a +1 mace (weapon)
 m - a +0 hunting sling
Missiles
 n - 149 stones (quivered)
 p - 5 sling bullets
Armour
 j - a +0 ring mail
 o - a +0 chain mail (worn)
Scrolls
 f - a scroll of fog
 g - a scroll of magic mapping
 r - a scroll of remove curse
Potions
 d - a potion of resistance
 e - a potion of stabbing {unknown}
 h - 2 potions of curing {unknown}
 k - 2 potions of berserk rage
 l - a potion of flight {unknown}
 q - a potion of mutation {unknown}
Comestibles
 c - 6 rations
 i - 3 chunks of flesh


   Skills:
 - Level 3.0 Fighting
 + Level 4.3 Maces & Flails
 - Level 2.0 Armour
 - Level 0.8 Dodging
 - Level 2.4 Invocations


You had 3 spell levels left.
You didn't know any spells.
Your spell library was empty.

Dungeon Overview and Level Annotations

Branches:
Dungeon (3/15)

Altars:
Makhleb


Innate Abilities, Weirdness & Mutations

You have large cloven feet.


Message History

It was a potion of brilliance.
You feel clever all of a sudden.
The rat bites you but does no damage. x2
You hit the rat.
You kill the rat!
Lugonu accepts your kill. The gnoll hits you but does no damage.
You closely miss the gnoll.
The gnoll hits you with a cursed -1 club.
* * * LOW HITPOINT WARNING * * *
Your chain mail prevents you from hitting the gnoll.
Your kick misses the gnoll.
The gnoll hits you with a cursed -1 club.
* * * LOW HITPOINT WARNING * * *
The gnoll hits you with a cursed -1 club.
* * * LOW HITPOINT WARNING * * *
Your chain mail prevents you from hitting the gnoll.
Your kick misses the gnoll. The gnoll hits you but does no damage.
The gnoll hits you with a cursed -1 club.
You die...

***,***,***,***
#.......##.#.##..
,,,,,**,***,,,*
#..##.#.##.#.###.
***,,,,,,,,,,,*
#..##.#.##.#.# #.
**,,**,,##*,,,*
#..##.#.##.#.###.
*,*,***,,..,,**
#..#.....#.....<.
**,,**,,###.,*
#....#.......###.
***,*,*,.....**
#.##.....#.### #.
***<,*,,......###.###.#.##.#
#. **,,,*,,**#(..[g@.#
*.#.##.# #.
*,,,,,,,**#.#.##### *.#.#*,*
#.
,,,,,,,,,,,,#,*******.#.#*,*
#.
,,,,,,,,,,,,,,,,,,,,<.#,**,*
#.
**,,,,,,,,,,,,,,,******,**,*
#[
****************,,,,,,,,,,,*
## * ************* * *


You could see a gnoll.

Vanquished Creatures
  3 gnolls (D:3)
  2 adders (D:2)
  2 worms
  A dart slug (D:1)
  2 leopard geckos
  3 goblins
  7 hobgoblins
  4 jackals (D:2)
  10 bats
  2 frilled lizards
  6 kobolds
  7 rats
49 creatures vanquished.

Notes
Turn   | Place    | Note
-------+----------+-------------------------------------------
     0 | Abyss:1  | Engwar the Demonspawn Abyssal Knight began the quest for
                  | the Orb.
     0 | Abyss:1  | Reached XP level 1. HP: 18/18 MP: 2/2
    71 | Abyss:1  | Noticed an iron imp
    72 | D:1      | Escaped the Abyss
   221 | D:1      | Reached skill level 2 in Maces & Flails
   366 | D:1      | Reached * piety under Lugonu
   402 | D:1      | Gained mutation: You have large cloven feet. [demonic
                  | ancestry]
   402 | D:1      | Reached XP level 2. HP: 24/24 MP: 3/3
  1020 | D:2      | Reached skill level 3 in Maces & Flails
  1066 | D:2      | Reached XP level 3. HP: 11/29 MP: 4/4
  1379 | D:2      | Found a burning altar of Makhleb.
  1379 | D:2      | Noticed an Executioner
  2351 | D:3      | Reached XP level 4. HP: 29/35 MP: 5/5
  2691 | D:3      | Reached skill level 4 in Maces & Flails
  2712 | D:3      | Slain by a gnoll

Illustrated notes

Levels and vault maps discovered:
D:1:      ncdulo_wetmaze, layout_rooms, minmay_ruptured
D:2:      layout_loops_cross, first_ration, grunt_ministairs_2,
          roderic_roman_lattice, makhleb_altar_promises_db
D:3:      layout_loops_ring

Skill      XL: |  1  2  3  4 |
---------------+-------------+-----
Armour         | 2 |  2.0
Maces & Flails | 2 3 4 |  4.3
Fighting       | |  3.0
Dodging        | |  0.8
Invocations    | |  2.4

Action                   |  1- 3 |  4- 6 || total
-------------------------+-------+-------++-------
Melee: Mace              |   116 |    28 ||   144
       Kick              |    16 |     7 ||    23
 Fire: Hunting sling     |    11 |     2 ||    13
Invok: Depart the Abyss  |     1 |       ||     1
  Use: Scroll            |     6 |       ||     6
       Potion            |       |     2 ||     2
  Eat: Chunk             |     3 |       ||     3
       Ration            |     1 |       ||     1
Armor: Leather armour    |     8 |       ||     8
       Ring mail         |    42 |       ||    42
       Chain mail        |     8 |    15 ||    23
Dodge: Dodged            |    92 |    10 ||   102
